Thunder vs Inferno
Created - March 17, 2021 at 21:44
Goals
|
| Thunder |
1 |
0 |
2 |
3 |
| Inferno |
4 |
1 |
1 |
6 |
|
Shots
|
| Thunder |
11 |
6 |
4 |
21 |
| Inferno |
18 |
14 |
3 |
35 |
|
1st period
1. Inferno , Tanner Pearson 47 (Vladimir Sobotka 37, Esa Lindell 52) at 5:15
2. Inferno , Tanner Pearson 48 (Bryan Rust 38) at 6:41
3. Inferno , Vladimir Sobotka 19 (Tanner Pearson 50) at 11:31
4. Thunder , William Karlsson 46 (Dany Roussin 56) at 11:43
5. Inferno , Tanner Pearson 49 (David Savard 33) at 13:59
Penalties :
No Penalty
2nd period
6. Inferno , Philip Varone 38 (Matthew Nieto 21) at 1:48
Penalties :
Kevin Labanc (Anc) for Holding (Minor) at 3:55, Greg Pateryn (Anc) for Hooking (Minor) at 7:27, Emil Johansson (TRO) for Hooking (Minor) at 17:23
3rd period
7. Thunder , Colton Sceviour 13 (Dany Roussin 57, William Karlsson 59) at 0:14
8. Thunder , Jamie McGinn 26 (Trevor Lewis 26, Mike Hoffman 23) at 8:26
9. Inferno , David Savard 6 (Esa Lindell 53, Ryan Spooner 10) at 9:25
Penalties :
Emil Johansson (TRO) for Roughing (Minor) at 0:54, Angelo Esposito (TRO) for Tripping (Minor) at 5:27, Vladimir Sobotka (Anc) for Interference (Minor) at 19:20
Goalie Stats
Niklas Treutle (TRO), 6 saves from 10 shots - (0.600), L, 16-24-6, 13:59 minutes
Sergei Kostenko (TRO), 23 saves from 25 shots - (0.920), 46:01 minutes
Michael Hutchinson (Anc), 18 saves from 21 shots - (0.857), W, 25-9-8, 60:00 minutes
Players Stats for Thunder
Player Name G A P +/- PIM S H SB GA TA FO MP PP MP PK MP
------------------------------------------------------------------------------------
Angelo Esposito 0 0 0 -2 2 0 0 0 0 0 2/7 17:00 0:00 0:00
Artturi Lehkonen 0 0 0 0 0 0 1 0 0 0 0/0 3:40 0:00 0:00
Artur Gavrus 0 0 0 0 0 0 0 0 0 0 0/0 0:00 0:00 0:00
Austin Poganski 0 0 0 0 0 2 1 1 0 1 1/1 16:53 1:59 0:00
Brayden Point 0 0 0 0 0 1 2 0 1 0 5/8 17:57 1:59 1:04
Colby Cave 0 0 0 0 0 0 0 0 0 0 0/0 0:00 0:00 0:00
Colton Sceviour 1 0 1 -1 0 2 0 0 0 0 0/1 18:49 2:36 0:00
Dany Roussin 0 2 2 -1 0 5 1 1 2 0 0/0 21:53 2:36 3:04
Emil Johansson 0 0 0 2 4 1 0 1 0 0 0/0 17:27 2:11 0:45
Gianluca Curcuruto 0 0 0 -4 0 1 0 3 0 0 0/0 26:57 2:26 3:06
Jakob Lilja 0 0 0 0 0 0 0 0 0 0 0/0 1:53 0:00 1:53
Jamie McGinn 1 0 1 -2 0 3 0 0 0 1 0/0 14:05 0:00 0:00
Jarrod Maidens 0 0 0 0 0 0 0 0 0 0 0/0 0:00 0:00 0:00
Jesper Pettersson 0 0 0 2 0 0 1 1 0 0 0/0 19:36 2:11 2:51
Mackenze Stewart 0 0 0 -1 0 0 1 0 0 0 0/0 14:39 0:00 1:23
Mike Hoffman 0 1 1 0 0 0 3 0 1 0 1/2 19:22 2:01 1:59
Mikko Vainonen 0 0 0 -4 0 2 0 1 0 0 0/0 26:57 2:26 3:06
Nikolay Prokhorkin 0 0 0 0 0 0 0 0 0 0 0/0 0:42 0:02 0:00
Ryan Graves 0 0 0 -1 0 0 0 0 1 0 0/0 14:30 0:00 0:43
Trevor Lewis 0 1 1 -2 0 1 2 0 0 0 2/5 14:05 0:00 0:00
Vincent Dunn 0 0 0 0 0 0 0 0 0 0 0/0 0:00 0:00 0:00
William Karlsson 1 1 2 -1 0 3 3 1 1 2 14/26 23:51 2:22 3:01
Zach Stepan 0 0 0 0 0 0 0 0 0 0 0/0 3:44 0:16 0:53
Players Stats for Inferno
Player Name G A P +/- PIM S H SB GA TA FO MP PP MP PK MP
------------------------------------------------------------------------------------
Bryan Rust 0 1 1 1 0 2 3 1 0 2 3/4 18:41 0:00 2:48
Colby Cohen 0 0 0 1 0 0 2 1 0 0 0/0 15:14 0:00 2:06
David Savard 1 1 2 0 0 2 1 2 0 1 0/0 25:16 3:42 2:31
Esa Lindell 0 2 2 0 0 2 0 0 1 0 0/0 25:16 3:42 2:31
Evgeny Svechnikov 0 0 0 1 0 0 2 0 1 0 0/0 16:29 2:47 0:00
Frank Corrado 0 0 0 1 0 0 1 0 0 0 0/0 12:22 0:00 0:00
Greg Pateryn 0 0 0 2 2 2 3 1 0 1 0/0 19:06 2:15 0:00
Jake DeBrusk 0 0 0 0 0 1 3 0 0 1 0/0 11:58 0:00 0:57
Kevin Labanc 0 0 0 0 2 1 0 0 0 0 0/0 13:57 3:10 0:00
Mathieu Brodeur 0 0 0 2 0 4 0 0 0 1 0/0 21:58 2:15 2:06
Matthew Nieto 0 1 1 1 0 0 2 1 0 0 0/1 16:34 2:47 0:52
Peter Cehlarik 0 0 0 1 0 1 1 0 0 0 0/0 9:27 0:00 0:00
Philip Varone 1 0 1 1 0 3 3 0 1 0 5/12 18:21 2:47 2:14
Ryan Spooner 0 1 1 1 0 0 1 0 0 0 0/1 9:27 0:00 0:00
Tanner Pearson 3 1 4 1 0 8 0 0 1 0 2/2 19:12 3:10 0:00
Tyler Shattock 0 0 0 1 0 3 1 0 0 0 0/0 9:27 0:00 0:00
Victor Rask 0 0 0 0 0 1 0 0 0 0 2/4 11:13 0:00 0:13
Vladimir Sobotka 1 1 2 1 2 5 1 0 0 0 13/26 21:22 3:10 2:10
3 Stars
1 - Tanner Pearson (Anc)
2 - David Savard (Anc)
3 - Philip Varone (Anc)
Power Play
Thunder - 0 on 3 Attempt(s) - 0.00%
Inferno - 0 on 3 Attempt(s) - 0.00%
Penalty Kill
Thunder - 3 on 3 Attempt(s) - 100.00%
- Score 0 goal in Penalty Kill
Inferno - 3 on 3 Attempt(s) - 100.00%
- Score 0 goal in Penalty Kill
Team Stat
Thunder - Hits : 15 - Faceoff Wins : 25 - Blocked Shots : 9 - Penalty Minutes : 6
Inferno - Hits : 24 - Faceoff Wins : 25 - Blocked Shots : 6 - Penalty Minutes : 6
Official
Referees : Unknown
Linesman : Unknown
Game Notes
Tanner Pearson has scored a Hat Trick!
Sergei Kostenko enters game at 13:59 of 1st period
Finance
Level 1 -- Attendance: 1418 (70.90%) -- Ticket Income $56,720
Level 2 -- Attendance: 725 (72.50%) -- Ticket Income $14,500
Total Attendance: 2143 (71.43%)
Total Ticket Income: $71,220
Other Income: $3,561
Total Income: $74,781
Thunder
5 vs 5 Forward
Center Left Wing Right Wing Time % Phy DF OF
1 William Karlsson Dany Roussin Colton Sceviour 40 1 2 2
2 Brayden Point Mike Hoffman Austin Poganski 30 1 2 2
3 Trevor Lewis Jamie McGinn Angelo Esposito 20 1 2 2
4 Angelo Esposito Artturi Lehkonen William Karlsson 10 1 2 2
5 vs 5 Defense
Defense Defense Time % Phy DF OF
1 Mikko Vainonen Gianluca Curcuruto 40 1 2 2
2 Emil Johansson Jesper Pettersson 30 1 2 2
3 Ryan Graves Mackenze Stewart 20 1 2 2
4 Mikko Vainonen Gianluca Curcuruto 10 1 2 2
PowerPlay Forward
Center Left Wing Right Wing Time % Phy DF OF
1 William Karlsson Dany Roussin Colton Sceviour 60 1 2 2
2 Brayden Point Mike Hoffman Austin Poganski 40 1 2 2
PowerPlay Defense
Defense Defense Time % Phy DF OF
1 Mikko Vainonen Gianluca Curcuruto 60 1 2 2
2 Emil Johansson Jesper Pettersson 40 1 2 2
Penalty Kill 4 Players Forward
Center Wing Time % Phy DF OF
1 William Karlsson Dany Roussin 60 1 2 2
2 Brayden Point Mike Hoffman 40 1 2 2
Penalty Kill 4 Players Defense
Defense Defense Time % Phy DF OF
1 Mikko Vainonen Gianluca Curcuruto 60 1 2 2
2 Emil Johansson Jesper Pettersson 40 1 2 2
Penalty Kill - 3 Players Forward
Forward Time % Phy DF OF
1 William Karlsson 60 1 2 2
2 Dany Roussin 40 1 2 2
Penalty Kill - 3 Players Defense
Defense Defense Time % Phy DF OF
1 Mikko Vainonen Gianluca Curcuruto 60 1 2 2
2 Emil Johansson Jesper Pettersson 40 1 2 2
4 vs 4 Forward
Center Wing Time % Phy DF OF
1 William Karlsson Dany Roussin 60 1 2 2
2 Brayden Point Mike Hoffman 40 1 2 2
4 vs 4 Defense
Defense Defense Time % Phy DF OF
1 Mikko Vainonen Gianluca Curcuruto 60 1 2 2
2 Emil Johansson Jesper Pettersson 40 1 2 2
Last Minutes Offensive
Center Left Wing Right Wing Defense Defense
William Karlsson Dany Roussin Colton Sceviour Mikko Vainonen Gianluca Curcuruto
Last Minutes Defensive
Center Left Wing Right Wing Defense Defense
William Karlsson Dany Roussin Colton Sceviour Mikko Vainonen Gianluca Curcuruto
Goaltenders
Starting : Niklas Treutle
Backup : Sergei Kostenko
Extra Forwards
Normal : Zach Stepan, Nikolay Prokhorkin, Jakob Lilja - PP : Zach Stepan, Nikolay Prokhorkin - PK : Jakob Lilja
Extra Defensemen
Normal : Ryan Graves, Mackenze Stewart, Emil Johansson - PP : Ryan Graves - PK : Mackenze Stewart, Emil Johansson
Penalty Shots
William Karlsson, Dany Roussin, Brayden Point, Mike Hoffman, Trevor Lewis
Scratches
Hugo Fagerblom (Healthy)
Inferno
5 vs 5 Forward
Center Left Wing Right Wing Time % Phy DF OF
1 Vladimir Sobotka Tanner Pearson Bryan Rust 40 1 2 2
2 Philip Varone Matthew Nieto Evgeny Svechnikov 30 1 2 2
3 Victor Rask Jake DeBrusk Kevin Labanc 20 1 2 2
4 Ryan Spooner Peter Cehlarik Tyler Shattock 10 1 2 2
5 vs 5 Defense
Defense Defense Time % Phy DF OF
1 David Savard Esa Lindell 40 1 2 2
2 Greg Pateryn Mathieu Brodeur 30 1 2 2
3 Colby Cohen Frank Corrado 20 1 2 2
4 Greg Pateryn Mathieu Brodeur 10 1 2 2
PowerPlay Forward
Center Left Wing Right Wing Time % Phy DF OF
1 Vladimir Sobotka Tanner Pearson Kevin Labanc 60 1 2 2
2 Philip Varone Matthew Nieto Evgeny Svechnikov 40 1 2 2
PowerPlay Defense
Defense Defense Time % Phy DF OF
1 David Savard Esa Lindell 60 1 2 2
2 Greg Pateryn Mathieu Brodeur 40 1 2 2
Penalty Kill 4 Players Forward
Center Wing Time % Phy DF OF
1 Vladimir Sobotka Bryan Rust 60 1 2 2
2 Philip Varone Matthew Nieto 40 1 2 2
Penalty Kill 4 Players Defense
Defense Defense Time % Phy DF OF
1 David Savard Esa Lindell 60 1 2 2
2 Colby Cohen Mathieu Brodeur 40 1 2 2
Penalty Kill - 3 Players Forward
Forward Time % Phy DF OF
1 Vladimir Sobotka 60 1 2 2
2 Bryan Rust 40 1 2 2
Penalty Kill - 3 Players Defense
Defense Defense Time % Phy DF OF
1 David Savard Esa Lindell 60 1 2 2
2 Colby Cohen Mathieu Brodeur 40 1 2 2
4 vs 4 Forward
Center Wing Time % Phy DF OF
1 Vladimir Sobotka Tanner Pearson 60 1 2 2
2 Philip Varone Bryan Rust 40 1 2 2
4 vs 4 Defense
Defense Defense Time % Phy DF OF
1 David Savard Esa Lindell 60 1 2 2
2 Greg Pateryn Mathieu Brodeur 40 1 2 2
Last Minutes Offensive
Center Left Wing Right Wing Defense Defense
Vladimir Sobotka Tanner Pearson Bryan Rust David Savard Esa Lindell
Last Minutes Defensive
Center Left Wing Right Wing Defense Defense
Vladimir Sobotka Tanner Pearson Bryan Rust David Savard Esa Lindell
Goaltenders
Starting : Michael Hutchinson
Backup : Antti Raanta
Extra Forwards
Normal : Victor Rask, Matthew Nieto, Evgeny Svechnikov - PP : Evgeny Svechnikov, Kevin Labanc - PK : Philip Varone
Extra Defensemen
Normal : Greg Pateryn, Colby Cohen, Frank Corrado - PP : Greg Pateryn - PK : Colby Cohen, Frank Corrado
Penalty Shots
Jake DeBrusk, Tanner Pearson, Evgeny Svechnikov, Philip Varone, Matthew Nieto
Scratches
Chris Brown (Healthy), Rasmus Andersson (Healthy), Christian Jaros (Healthy), Trevor Carrick (Healthy), Petteri Lindbohm (Healthy)
Alexander True (Healthy), Eric Karlsson (Healthy), Barclay Goodrow (Left Ankle Injury), John Gilmour (Healthy), Ryan Donato (Healthy)
Vladislav Kamenev (Healthy), Dominik Masin (Healthy), Brandon Hickey (Healthy), Nathan Lieuwen (Healthy), Vitek Vanecek (Healthy)
% Time on Ice - Thunder
Lines # - Real PCT - Wanted PCT - Time Play
Normal Forward
1 - 33% - 40% - 16:21
2 - 31% - 30% - 15:20
3 - 28% - 20% - 14:05
4 - 7% - 10% - 3:40
Normal Defense
1 - 39% - 40% - 19:29
2 - 30% - 30% - 14:45
3 - 27% - 20% - 13:16
4 - 4% - 10% - 1:56
PP Forward
1 - 56% - 60% - 2:36
2 - 44% - 40% - 2:01
PP Defense
1 - 53% - 60% - 2:26
2 - 47% - 40% - 2:11
PK Forward
1 - 82% - 60% - 4:53
2 - 18% - 40% - 1:04
PK Defense
1 - 52% - 60% - 3:06
2 - 48% - 40% - 2:51
PK3 Forward
1 - 0% - 60%
2 - 0% - 40%
PK3 Defense
1 - 0% - 60%
2 - 0% - 40%
44 Forward
1 - 0% - 60%
2 - 0% - 40%
44 Defense
1 - 0% - 60%
2 - 0% - 40%
Last Minute Offensive - 0:00
Last Minute Defensive - 0:00
Total
Forward - 60:00
Defense - 60:00
|
% Time on Ice - Inferno
Lines # - Real PCT - Wanted PCT - Time Play
Normal Forward
1 - 33% - 40% - 16:04
2 - 26% - 30% - 12:55
3 - 22% - 20% - 11:00
4 - 19% - 10% - 9:27
Normal Defense
1 - 39% - 40% - 19:03
2 - 30% - 30% - 14:55
3 - 25% - 20% - 12:22
4 - 6% - 10% - 3:06
PP Forward
1 - 53% - 60% - 3:10
2 - 47% - 40% - 2:47
PP Defense
1 - 62% - 60% - 3:42
2 - 38% - 40% - 2:15
PK Forward
1 - 81% - 60% - 3:45
2 - 19% - 40% - 0:52
PK Defense
1 - 55% - 60% - 2:31
2 - 45% - 40% - 2:06
PK3 Forward
1 - 0% - 60%
2 - 0% - 40%
PK3 Defense
1 - 0% - 60%
2 - 0% - 40%
44 Forward
1 - 0% - 60%
2 - 0% - 40%
44 Defense
1 - 0% - 60%
2 - 0% - 40%
Last Minute Offensive - 0:00
Last Minute Defensive - 0:00
Total
Forward - 60:00
Defense - 60:00
|
Play-by-Play
1st period
0:01 of 1st period - William Karlsson wins face-off versus Vladimir Sobotka in neutral zone.
0:14 of 1st period - Wrist shot by Tanner Pearson.
0:14 of 1st period - Shot Blocked by Gianluca Curcuruto.
0:34 of 1st period - Snap shot by Philip Varone.
0:34 of 1st period - Stopped by Niklas Treutle with a rebound.
0:36 of 1st period - Slapshot by Mathieu Brodeur.
0:36 of 1st period - Stopped by Niklas Treutle without a rebound.
0:37 of 1st period - Philip Varone wins face-off versus Trevor Lewis in Thunder zone.
0:44 of 1st period - Wrist shot by Philip Varone.
0:44 of 1st period - Shot Blocked by Emil Johansson.
1:30 of 1st period - Wrist shot by Dany Roussin.
1:30 of 1st period - Stopped by Michael Hutchinson without a rebound.
1:31 of 1st period - Vladimir Sobotka wins face-off versus William Karlsson in Inferno zone.
1:42 of 1st period - Wrist shot by Tanner Pearson.
1:42 of 1st period - Shot Misses the Net.
1:44 of 1st period - Slapshot by Esa Lindell.
1:44 of 1st period - Shot Blocked by Dany Roussin.
2:02 of 1st period - Philip Varone is hit by Trevor Lewis and loses puck.
2:16 of 1st period - Gianluca Curcuruto is hit by Philip Varone and loses puck.
2:49 of 1st period - Slapshot by William Karlsson.
2:49 of 1st period - Stopped by Michael Hutchinson with a rebound.
3:58 of 1st period - Wrist shot by Evgeny Svechnikov.
3:58 of 1st period - Shot Misses the Net.
4:38 of 1st period - Slapshot by Trevor Lewis.
4:38 of 1st period - Shot Misses the Net.
4:40 of 1st period - Snap shot by Jamie McGinn.
4:40 of 1st period - Stopped by Michael Hutchinson without a rebound.
4:41 of 1st period - Brayden Point wins face-off versus Victor Rask in Inferno zone.
5:06 of 1st period - Esa Lindell is hit by Dany Roussin and loses puck.
5:15 of 1st period - Snap shot by Tanner Pearson.
5:15 of 1st period - Goal by Tanner Pearson - Thunder : 0 - Inferno : 1.
5:16 of 1st period - Bryan Rust wins face-off versus William Karlsson in neutral zone.
5:41 of 1st period - Mikko Vainonen is hit by Philip Varone.
5:45 of 1st period - Gianluca Curcuruto is hit by Evgeny Svechnikov and loses puck.
6:29 of 1st period - Snap shot by Ryan Spooner.
6:29 of 1st period - Deflect By Peter Cehlarik.
6:29 of 1st period - Stopped by Niklas Treutle with a rebound.
6:41 of 1st period - Snap shot by Tanner Pearson.
6:41 of 1st period - Goal by Tanner Pearson - Thunder : 0 - Inferno : 2.
6:42 of 1st period - Angelo Esposito wins face-off versus Vladimir Sobotka in neutral zone.
6:45 of 1st period - Wrist shot by William Karlsson.
6:45 of 1st period - Stopped by Michael Hutchinson with a rebound.
6:57 of 1st period - Bryan Rust is hit by Artturi Lehkonen and loses puck.
7:52 of 1st period - Mikko Vainonen is hit by Tyler Shattock.
8:53 of 1st period - Esa Lindell is hit by Brayden Point and loses puck.
10:17 of 1st period - Nikolay Prokhorkin is hit by Philip Varone and loses puck.
10:22 of 1st period - Wrist shot by Philip Varone.
10:22 of 1st period - Stopped by Niklas Treutle without a rebound.
10:23 of 1st period - William Karlsson wins face-off versus Vladimir Sobotka in Thunder zone.
10:44 of 1st period - Ryan Graves is hit by Greg Pateryn.
10:57 of 1st period - Icing by Philip Varone.
10:58 of 1st period - Trevor Lewis wins face-off versus Philip Varone in Inferno zone.
11:15 of 1st period - Icing by Angelo Esposito.
11:16 of 1st period - Vladimir Sobotka wins face-off versus Trevor Lewis in Thunder zone.
11:17 of 1st period - Wrist shot by Tanner Pearson.
11:17 of 1st period - Shot Misses the Net.
11:29 of 1st period - Wrist shot by Tanner Pearson.
11:29 of 1st period - Stopped by Niklas Treutle with a rebound.
11:31 of 1st period - Slapshot by Vladimir Sobotka.
11:31 of 1st period - Goal by Vladimir Sobotka - Thunder : 0 - Inferno : 3.
11:32 of 1st period - William Karlsson wins face-off versus Vladimir Sobotka in neutral zone.
11:35 of 1st period - Wrist shot by Dany Roussin.
11:35 of 1st period - Stopped by Michael Hutchinson with a rebound.
11:41 of 1st period - Snap shot by Dany Roussin.
11:41 of 1st period - Shot Misses the Net.
11:43 of 1st period - Snap shot by William Karlsson.
11:43 of 1st period - Goal by William Karlsson - Thunder : 1 - Inferno : 3.
11:44 of 1st period - William Karlsson wins face-off versus Vladimir Sobotka in neutral zone.
11:47 of 1st period - Snap shot by Colton Sceviour.
11:47 of 1st period - Stopped by Michael Hutchinson with a rebound.
12:13 of 1st period - David Savard is hit by Mike Hoffman.
12:41 of 1st period - Wrist shot by Kevin Labanc.
12:41 of 1st period - Stopped by Niklas Treutle without a rebound.
12:42 of 1st period - William Karlsson wins face-off versus Bryan Rust in Thunder zone.
13:52 of 1st period - Gianluca Curcuruto is hit by Vladimir Sobotka and loses puck.
13:59 of 1st period - Snap shot by Tanner Pearson.
13:59 of 1st period - Goal by Tanner Pearson - Thunder : 1 - Inferno : 4.
13:59 of 1st period - Sergei Kostenko enters game.
14:00 of 1st period - William Karlsson wins face-off versus Vladimir Sobotka in neutral zone.
14:03 of 1st period - Snap shot by Dany Roussin.
14:03 of 1st period - Stopped by Michael Hutchinson with a rebound.
14:49 of 1st period - Snap shot by William Karlsson.
14:49 of 1st period - Shot Blocked by Matthew Nieto.
14:51 of 1st period - Slapshot by Gianluca Curcuruto.
14:51 of 1st period - Deflect By Philip Varone.
14:51 of 1st period - Stopped by Michael Hutchinson without a rebound.
14:52 of 1st period - Brayden Point wins face-off versus Philip Varone in Inferno zone.
15:17 of 1st period - Philip Varone is hit by Brayden Point and loses puck.
15:42 of 1st period - Matthew Nieto is hit by Mackenze Stewart and loses puck.
15:53 of 1st period - Snap shot by Brayden Point.
15:53 of 1st period - Stopped by Michael Hutchinson without a rebound.
15:54 of 1st period - William Karlsson wins face-off versus Vladimir Sobotka in Inferno zone.
16:27 of 1st period - Wrist shot by Victor Rask.
16:27 of 1st period - Stopped by Sergei Kostenko without a rebound.
16:28 of 1st period - William Karlsson wins face-off versus Victor Rask in Thunder zone.
16:53 of 1st period - Jamie McGinn is hit by David Savard and loses puck.
17:18 of 1st period - Bryan Rust is hit by Mike Hoffman and loses puck.
18:16 of 1st period - Snap shot by Bryan Rust.
18:16 of 1st period - Shot Misses the Net.
18:46 of 1st period - Wrist shot by Tyler Shattock.
18:46 of 1st period - Stopped by Sergei Kostenko without a rebound.
18:47 of 1st period - Vladimir Sobotka wins face-off versus Angelo Esposito in Thunder zone.
19:08 of 1st period - Snap shot by Dany Roussin.
19:08 of 1st period - Stopped by Michael Hutchinson without a rebound.
19:09 of 1st period - Mike Hoffman wins face-off versus Philip Varone in Inferno zone.
19:10 of 1st period - Slapshot by Brayden Point.
19:10 of 1st period - Shot Blocked by Greg Pateryn.
19:37 of 1st period - Slapshot by Tanner Pearson.
19:37 of 1st period - Stopped by Sergei Kostenko with a rebound.
19:39 of 1st period - Slapshot by Mathieu Brodeur.
19:39 of 1st period - Shot Blocked by William Karlsson.
19:43 of 1st period - Snap shot by Bryan Rust.
19:43 of 1st period - Stopped by Sergei Kostenko with a rebound.
19:45 of 1st period - Slapshot by Mathieu Brodeur.
19:45 of 1st period - Stopped by Sergei Kostenko with a rebound.
19:47 of 1st period - Wrist shot by Tanner Pearson.
19:47 of 1st period - Stopped by Sergei Kostenko with a rebound.
19:49 of 1st period - Slapshot by Mathieu Brodeur.
19:49 of 1st period - Stopped by Sergei Kostenko without a rebound.
19:50 of 1st period - Victor Rask wins face-off versus Angelo Esposito in Thunder zone.
19:59 of 1st period - Slapshot by Esa Lindell.
19:59 of 1st period - Stopped by Sergei Kostenko without a rebound.
Goals for this period are 1 for Thunder vs 4 for Inferno.
Shots for this period are 11 for Thunder vs 18 for Inferno.
2nd period
0:01 of 2nd period - Bryan Rust wins face-off versus William Karlsson in neutral zone.
0:15 of 2nd period - Off-side.
0:16 of 2nd period - Brayden Point wins face-off versus Matthew Nieto in neutral zone.
0:19 of 2nd period - Snap shot by Austin Poganski.
0:19 of 2nd period - Stopped by Michael Hutchinson without a rebound.
0:20 of 2nd period - Philip Varone wins face-off versus Brayden Point in Inferno zone.
0:22 of 2nd period - Icing by Matthew Nieto.
0:23 of 2nd period - Philip Varone wins face-off versus Brayden Point in Inferno zone.
0:54 of 2nd period - Wrist shot by Vladimir Sobotka.
0:54 of 2nd period - Stopped by Sergei Kostenko with a rebound.
1:28 of 2nd period - David Savard is hit by Austin Poganski and loses puck.
1:33 of 2nd period - Backhand shot by Mike Hoffman.
1:33 of 2nd period - Shot Misses the Net.
1:35 of 2nd period - Slapshot by Austin Poganski.
1:35 of 2nd period - Shot Blocked by David Savard.
1:44 of 2nd period - Off-side.
1:45 of 2nd period - Philip Varone wins face-off versus Colton Sceviour in neutral zone.
1:48 of 2nd period - Slapshot by Philip Varone.
1:48 of 2nd period - Goal by Philip Varone - Thunder : 1 - Inferno : 5.
1:49 of 2nd period - Vladimir Sobotka wins face-off versus Angelo Esposito in neutral zone.
1:58 of 2nd period - Wrist shot by Tanner Pearson.
1:58 of 2nd period - Stopped by Sergei Kostenko with a rebound.
2:21 of 2nd period - Slapshot by Esa Lindell.
2:21 of 2nd period - Stopped by Sergei Kostenko with a rebound.
2:51 of 2nd period - Icing by Gianluca Curcuruto.
2:52 of 2nd period - William Karlsson wins face-off versus Vladimir Sobotka in Thunder zone.
3:13 of 2nd period - Icing by Mike Hoffman.
3:14 of 2nd period - Austin Poganski wins face-off versus Philip Varone in Thunder zone.
3:23 of 2nd period - Slapshot by Mike Hoffman.
3:23 of 2nd period - Shot Blocked by David Savard.
3:28 of 2nd period - Off-side.
3:29 of 2nd period - Vladimir Sobotka wins face-off versus William Karlsson in neutral zone.
3:55 of 2nd period - Minor Penalty to Kevin Labanc for Holding.
3:56 of 2nd period - Vladimir Sobotka wins face-off versus William Karlsson in Inferno zone.
4:25 of 2nd period - Wrist shot by Mike Hoffman.
4:25 of 2nd period - Shot Misses the Net.
4:27 of 2nd period - Slapshot by Mikko Vainonen.
4:27 of 2nd period - Stopped by Michael Hutchinson with a rebound.
4:29 of 2nd period - Backhand shot by Mikko Vainonen.
4:29 of 2nd period - Stopped by Michael Hutchinson with a rebound.
4:31 of 2nd period - Snap shot by Austin Poganski.
4:31 of 2nd period - Shot Misses the Net.
5:55 of 2nd period - Penalty to Kevin Labanc is over, Kevin Labanc is back on ice.
6:40 of 2nd period - Greg Pateryn is hit by William Karlsson and loses puck.
7:27 of 2nd period - Minor Penalty to Greg Pateryn for Hooking.
7:28 of 2nd period - Vladimir Sobotka wins face-off versus William Karlsson in Inferno zone.
8:02 of 2nd period - Snap shot by Mike Hoffman.
8:02 of 2nd period - Deflect By Austin Poganski.
8:02 of 2nd period - Stopped by Michael Hutchinson without a rebound.
8:03 of 2nd period - Brayden Point wins face-off versus Philip Varone in Inferno zone.
9:27 of 2nd period - Penalty to Greg Pateryn is over, Greg Pateryn is back on ice.
9:37 of 2nd period - Snap shot by Angelo Esposito.
9:37 of 2nd period - Shot Blocked by Colby Cohen.
9:39 of 2nd period - Snap shot by Jamie McGinn.
9:39 of 2nd period - Shot Misses the Net.
9:41 of 2nd period - Snap shot by Angelo Esposito.
9:41 of 2nd period - Shot Misses the Net.
9:43 of 2nd period - Snap shot by Jamie McGinn.
9:43 of 2nd period - Shot Misses the Net.
10:30 of 2nd period - Icing by Colby Cohen.
10:31 of 2nd period - Philip Varone wins face-off versus Angelo Esposito in Inferno zone.
10:44 of 2nd period - Slapshot by Tyler Shattock.
10:44 of 2nd period - Stopped by Sergei Kostenko with a rebound.
10:46 of 2nd period - Slapshot by Esa Lindell.
10:46 of 2nd period - Shot Misses the Net.
10:50 of 2nd period - Slapshot by Ryan Spooner.
10:50 of 2nd period - Shot Misses the Net.
10:52 of 2nd period - Snap shot by Tyler Shattock.
10:52 of 2nd period - Stopped by Sergei Kostenko with a rebound.
11:40 of 2nd period - Mike Hoffman is hit by Jake DeBrusk.
12:23 of 2nd period - Gianluca Curcuruto is hit by Frank Corrado and loses puck.
12:44 of 2nd period - Gianluca Curcuruto is hit by Bryan Rust and loses puck.
12:53 of 2nd period - Gianluca Curcuruto is hit by Bryan Rust.
13:12 of 2nd period - Brayden Point is hit by Greg Pateryn and loses puck.
13:31 of 2nd period - Jamie McGinn is hit by Colby Cohen and loses puck.
14:18 of 2nd period - Icing by William Karlsson.
14:19 of 2nd period - Bryan Rust wins face-off versus Angelo Esposito in Thunder zone.
14:28 of 2nd period - Wrist shot by Vladimir Sobotka.
14:28 of 2nd period - Stopped by Sergei Kostenko without a rebound.
14:29 of 2nd period - Vladimir Sobotka wins face-off versus Mike Hoffman in Thunder zone.
14:32 of 2nd period - Slapshot by Vladimir Sobotka.
14:32 of 2nd period - Shot Misses the Net.
14:34 of 2nd period - Wrist shot by Greg Pateryn.
14:34 of 2nd period - Shot Blocked by Gianluca Curcuruto.
14:36 of 2nd period - Slapshot by Greg Pateryn.
14:36 of 2nd period - Shot Blocked by Mikko Vainonen.
14:38 of 2nd period - Snap shot by Mathieu Brodeur.
14:38 of 2nd period - Shot Misses the Net.
14:40 of 2nd period - Wrist shot by Bryan Rust.
14:40 of 2nd period - Stopped by Sergei Kostenko without a rebound.
14:41 of 2nd period - Brayden Point wins face-off versus Vladimir Sobotka in Thunder zone.
15:06 of 2nd period - Evgeny Svechnikov is hit by William Karlsson.
15:47 of 2nd period - Esa Lindell is hit by Mike Hoffman and loses puck.
16:04 of 2nd period - Snap shot by Vladimir Sobotka.
16:04 of 2nd period - Stopped by Sergei Kostenko with a rebound.
16:06 of 2nd period - Slapshot by Esa Lindell.
16:06 of 2nd period - Deflect By Tanner Pearson.
16:06 of 2nd period - Shot Misses the Net.
16:06 of 2nd period - Puck is out of play.
16:07 of 2nd period - Vladimir Sobotka wins face-off versus Trevor Lewis in Thunder zone.
16:08 of 2nd period - Snap shot by Tanner Pearson.
16:08 of 2nd period - Stopped by Sergei Kostenko with a rebound.
16:10 of 2nd period - Slapshot by Vladimir Sobotka.
16:10 of 2nd period - Shot Misses the Net.
16:12 of 2nd period - Snap shot by Mathieu Brodeur.
16:12 of 2nd period - Stopped by Sergei Kostenko with a rebound.
16:14 of 2nd period - Slapshot by Greg Pateryn.
16:14 of 2nd period - Stopped by Sergei Kostenko with a rebound.
16:42 of 2nd period - Wrist shot by Trevor Lewis.
16:42 of 2nd period - Deflect By Jamie McGinn.
16:42 of 2nd period - Stopped by Michael Hutchinson with a rebound.
16:52 of 2nd period - Snap shot by Bryan Rust.
16:52 of 2nd period - Shot Misses the Net.
16:54 of 2nd period - Slapshot by Greg Pateryn.
16:54 of 2nd period - Stopped by Sergei Kostenko with a rebound.
16:56 of 2nd period - Snap shot by Bryan Rust.
16:56 of 2nd period - Shot Misses the Net.
16:58 of 2nd period - Snap shot by Vladimir Sobotka.
16:58 of 2nd period - Stopped by Sergei Kostenko without a rebound.
16:59 of 2nd period - William Karlsson wins face-off versus Philip Varone in Thunder zone.
16:59 of 2nd period - William Karlsson is hit by Matthew Nieto.
17:23 of 2nd period - Minor Penalty to Emil Johansson for Hooking.
17:24 of 2nd period - Vladimir Sobotka wins face-off versus William Karlsson in Thunder zone.
19:23 of 2nd period - Penalty to Emil Johansson is over, Emil Johansson is back on ice.
19:34 of 2nd period - Snap shot by Trevor Lewis.
19:34 of 2nd period - Stopped by Michael Hutchinson without a rebound.
19:35 of 2nd period - Trevor Lewis wins face-off versus Ryan Spooner in Inferno zone.
19:38 of 2nd period - Wrist shot by Trevor Lewis.
19:38 of 2nd period - Shot Misses the Net.
Goals for this period are 0 for Thunder vs 1 for Inferno.
Shots for this period are 6 for Thunder vs 14 for Inferno.
3rd period
0:01 of 3rd period - Tanner Pearson wins face-off versus William Karlsson in neutral zone.
0:12 of 3rd period - Backhand shot by Dany Roussin.
0:12 of 3rd period - Shot Blocked by Bryan Rust.
0:14 of 3rd period - Slapshot by Colton Sceviour.
0:14 of 3rd period - Goal by Colton Sceviour - Thunder : 2 - Inferno : 5.
0:15 of 3rd period - William Karlsson wins face-off versus Vladimir Sobotka in neutral zone.
0:51 of 3rd period - Wrist shot by Matthew Nieto.
0:51 of 3rd period - Deflect By Philip Varone.
0:51 of 3rd period - Shot Blocked by Jesper Pettersson.
0:51 of 3rd period - Puck is out of play.
0:52 of 3rd period - Angelo Esposito wins face-off versus Vladimir Sobotka in Thunder zone.
0:54 of 3rd period - Minor Penalty to Emil Johansson for Roughing.
0:55 of 3rd period - William Karlsson wins face-off versus Vladimir Sobotka in Thunder zone.
2:54 of 3rd period - Penalty to Emil Johansson is over, Emil Johansson is back on ice.
5:27 of 3rd period - Minor Penalty to Angelo Esposito for Tripping.
5:28 of 3rd period - Tanner Pearson wins face-off versus William Karlsson in Thunder zone.
5:34 of 3rd period - Wrist shot by Kevin Labanc.
5:34 of 3rd period - Shot Misses the Net.
5:36 of 3rd period - Snap shot by Kevin Labanc.
5:36 of 3rd period - Shot Blocked by Gianluca Curcuruto.
5:38 of 3rd period - Snap shot by Kevin Labanc.
5:38 of 3rd period - Deflect By William Karlsson.
5:38 of 3rd period - Shot Misses the Net.
5:38 of 3rd period - Puck is out of play.
5:39 of 3rd period - Vladimir Sobotka wins face-off versus William Karlsson in Thunder zone.
7:27 of 3rd period - Penalty to Angelo Esposito is over, Angelo Esposito is back on ice.
8:26 of 3rd period - Wrist shot by Jamie McGinn.
8:26 of 3rd period - Goal by Jamie McGinn - Thunder : 3 - Inferno : 5.
8:27 of 3rd period - William Karlsson wins face-off versus Vladimir Sobotka in neutral zone.
9:23 of 3rd period - Slapshot by Esa Lindell.
9:23 of 3rd period - Shot Misses the Net.
9:25 of 3rd period - Wrist shot by David Savard.
9:25 of 3rd period - Deflect By Trevor Lewis.
9:25 of 3rd period - Goal by David Savard - Thunder : 3 - Inferno : 6.
9:26 of 3rd period - Vladimir Sobotka wins face-off versus William Karlsson in neutral zone.
10:01 of 3rd period - Backhand shot by Matthew Nieto.
10:01 of 3rd period - Shot Blocked by Austin Poganski.
10:03 of 3rd period - Wrist shot by David Savard.
10:03 of 3rd period - Stopped by Sergei Kostenko without a rebound.
10:04 of 3rd period - Victor Rask wins face-off versus Brayden Point in Thunder zone.
10:29 of 3rd period - Greg Pateryn is hit by William Karlsson and loses puck.
10:50 of 3rd period - Ryan Graves is hit by Colby Cohen and loses puck.
12:31 of 3rd period - Dany Roussin is hit by Jake DeBrusk.
13:34 of 3rd period - Snap shot by Jake DeBrusk.
13:34 of 3rd period - Stopped by Sergei Kostenko without a rebound.
13:35 of 3rd period - Vladimir Sobotka wins face-off versus William Karlsson in Thunder zone.
14:00 of 3rd period - Matthew Nieto is hit by Trevor Lewis and loses puck.
14:07 of 3rd period - Angelo Esposito is hit by Matthew Nieto.
15:00 of 3rd period - Snap shot by Emil Johansson.
15:00 of 3rd period - Stopped by Michael Hutchinson with a rebound.
15:51 of 3rd period - Ryan Graves is hit by Greg Pateryn and loses puck.
16:04 of 3rd period - Mikko Vainonen is hit by Peter Cehlarik and loses puck.
16:15 of 3rd period - Gianluca Curcuruto is hit by Jake DeBrusk and loses puck.
16:32 of 3rd period - Jamie McGinn is hit by Bryan Rust and loses puck.
17:13 of 3rd period - Jake DeBrusk is hit by Jesper Pettersson.
17:49 of 3rd period - Colton Sceviour is hit by Ryan Spooner and loses puck.
18:59 of 3rd period - Trevor Lewis is hit by Evgeny Svechnikov and loses puck.
19:20 of 3rd period - Minor Penalty to Vladimir Sobotka for Interference.
19:21 of 3rd period - William Karlsson wins face-off versus Philip Varone in Inferno zone.
19:22 of 3rd period - Snap shot by Dany Roussin.
19:22 of 3rd period - Stopped by Michael Hutchinson with a rebound.
Goals for this period are 2 for Thunder vs 1 for Inferno.
Shots for this period are 4 for Thunder vs 3 for Inferno.
Output by the SimonT Hockey Simulator (STHS) for Francois Prevost